 Dungeon Crawl Stone Soup version 0.29-a0-1030-gf5f8719cae (webtiles) character file.

Game seed: 11787207674712839141

1507 nkekgw the Covert (level 8, -3/36 HPs)
             Began as a Spriggan Enchanter on Aug 14, 2022.
             Was an Initiate of Dithmenos.
             Slain by a two-headed ogre
             ... wielding a +0 giant spiked club
              (8 damage)
             ... on level 8 of the Dungeon.
             The game lasted 00:12:22 (7645 turns).

nkekgw the Covert (Spriggan Enchanter)              Turns: 7645, Time: 00:12:22

Health: -3/36      AC: 11    Str:  4    XL:     8   Next: 52%
Magic:  5/19       EV: 17    Int: 17    God:    Dithmenos [......]
Gold:   3797       SH:  0    Dex: 15    Spells: 10/21 levels left

rFire   . . .      SeeInvis +   o - +4 quick blade
rCold   + . .      Faith    .   (no shield)
rNeg    . . .      Spirit   .   b - +0 robe
rPois   .          Reflect  .   r - +4 hat "Dofretas" {Stlth+}
rElec   +          Harm     .   s - +0 cloak of Pessimism {rElec rCorr}
rCorr   +          Rampage  .   (gloves unavailable)
Will    ++...                   (boots unavailable)
Stlth   +++++.....              p - amulet of Existentialism {RegenMP rC+ Will+ Str-2 Slay+5}
HPRegen 0.12/turn               d - ring of resist corrosion
MPRegen 0.56/turn               i - +4 ring of protection

@: very quick
A: very small, no large weapons, unfitting armour, see invisible, speed 3,
talons 1, deterioration 1
a: Renounce Religion


You were on level 8 of the Dungeon.
You worshipped Dithmenos.
Dithmenos was noncommittal.
You visited 2 branches of the dungeon, and saw 9 of its levels.

You collected 3797 gold pieces.

Inventory:

Hand Weapons
 a - a +0 dagger of venom
 m - a +1 dagger of speed
 o - a +4 quick blade (weapon)
Missiles
 g - 2 atropa-tipped darts (quivered)
 q - 3 throwing nets
Armour
 b - a +0 robe (worn)
 r - the +4 hat "Dofretas" (worn) {Stlth+}
   (You acquired it on level 6 of the Dungeon)

   Stlth:     It makes you more stealthy.
 s - the +0 cloak of Pessimism (worn) {rElec rCorr}
   (You acquired it on level 6 of the Dungeon)

   rElec:     It insulates you from electricity.
   rCorr:     It protects you from acid and corrosion.
Jewellery
 d - a ring of resist corrosion (left hand)
 i - a +4 ring of protection (right hand)
 n - a ring of willpower
 p - the amulet of Existentialism (around neck) {RegenMP rC+ Will+ Str-2 Slay+5}
   (You acquired it on level 6 of the Dungeon)

   [amulet of magic regeneration]

   It increases your rate of magic regeneration.
   Str:       It affects your strength (-2).
   Slay:      It affects your accuracy & damage with ranged weapons and melee
   (+5).
   rC:        It protects you from cold.
   Will:      It increases your willpower.
Wands
 c - a wand of charming (15)
 j - a wand of light (5)
Scrolls
 f - 20 scrolls of fog
Potions
 e - 5 potions of curing
 h - a potion of flight
 k - a potion of might
 l - 2 potions of brilliance
 t - a potion of lignification


   Skills:
 - Level 5.5 Short Blades
 - Level 2.6 Dodging
 + Level 8.8 Stealth
 - Level 0.7 Unarmed Combat
 + Level 7.1 Spellcasting
 + Level 7.6 Hexes


You had 10 spell levels left.
You knew the following spells:

 Your Spells              Type           Power      Damage    Failure   Level
a - Ensorcelled Hibernat  Hex/Ice        38%        N/A       3%          2
b - Tukima's Dance        Hex            32%        N/A       1%          3
c - Dazzling Flash        Conj/Hex       38%        N/A       7%          3
d - Confusing Touch       Hex            32%        N/A       1%          3

Your spell library contained the following spells:

 Spells                   Type           Power      Damage    Failure   Level
 Beastly Appendage        Tmut           12%        N/A       12%         1
 Wereblood                Tmut           6%         N/A       17%         2
 Frozen Ramparts          Ice            12%        1d2       34%         3
 Gell's Gravitas          Tloc           6%         N/A       34%         3
 Lesser Beckoning         Tloc           6%         N/A       34%         3
 Spider Form              Tmut/Pois      6%         N/A       34%         3
 Teleport Other           Tloc           6%         N/A       34%         3
 Corpse Rot               Necr/Pois/Air  6%         N/A       75%         4
 Dispel Undead            Necr           6%         3d8       75%         4
 Ice Form                 Ice/Tmut       6%         N/A       75%         4
 Summon Ice Beast         Ice/Summ       6%         N/A       75%         4
 Summon Lightning Spire   Summ/Air       6%         N/A       75%         4
 Death Channel            Necr           3%         N/A       100%        6
 Chain Lightning          Conj/Air       3%         3d4       100%        9


Dungeon Overview and Level Annotations

Branches:
Dungeon (8/15)             Temple (1/1) D:6
   Lair: D:8-11

Altars:
Ashenzari
Cheibriados
Dithmenos
Elyvilon
Fedhas
Gozag
Hepliaklqana
Kikubaaqudgha
Makhleb
Nemelex Xobeh
Okawaru
Qazlal
Ru
Sif Muna
Trog
Uskayaw
Vehumet
Wu Jian
Xom
Zin

Shops:
D:5 :   D:7 [


Innate Abilities, Weirdness & Mutations

You are very small and have problems with some larger weapons.
You are too small for most types of armour.
You have supernaturally acute eyesight. (SInv)
You cover ground extremely quickly. (Speed+++)
You have sharp toenails.
Your body sometimes deteriorates upon taking damage.


Message History

Unknown command.
Casting: Tukima's Dance (safe; 1% risk of failure)
Confirm with . or Enter, or press ? or * to list all spells.
Aiming: Tukima's Dance (safe; 1% risk of failure)
Press: ? - help, Shift-Dir - straight line, f/p - two-headed ogre
Aim: a two-headed ogre, wielding a +0 giant club and a +0 giant spiked club (chance to affect: 44%)
The two-headed ogre resists with some effort.
Unknown command.
Casting: Tukima's Dance (safe; 1% risk of failure)
Confirm with . or Enter, or press ? or * to list all spells.
Aiming: Tukima's Dance (safe; 1% risk of failure)
Press: ? - help, Shift-Dir - straight line, f/p - two-headed ogre
Aim: a two-headed ogre, wielding a +0 giant club and a +0 giant spiked club (chance to affect: 44%)
The two-headed ogre resists with some effort.
Unknown command.
Casting: Tukima's Dance (safe; 1% risk of failure)
Confirm with . or Enter, or press ? or * to list all spells.
Aiming: Tukima's Dance (safe; 1% risk of failure)
Press: ? - help, Shift-Dir - straight line, f/p - two-headed ogre
Aim: a two-headed ogre, wielding a +0 giant club and a +0 giant spiked club (chance to affect: 44%)
The two-headed ogre resists with some effort.
Unknown command.
Casting: Tukima's Dance (safe; 1% risk of failure)
Confirm with . or Enter, or press ? or * to list all spells.
Aiming: Tukima's Dance (safe; 1% risk of failure)
Press: ? - help, Shift-Dir - straight line, f/p - two-headed ogre
Aim: a two-headed ogre, wielding a +0 giant club and a +0 giant spiked club (chance to affect: 44%)
The two-headed ogre resists with some effort.
Casting: Tukima's Dance (safe; 1% risk of failure)
Confirm with . or Enter, or press ? or * to list all spells.
Aiming: Tukima's Dance (safe; 1% risk of failure)
Press: ? - help, Shift-Dir - straight line, f/p - two-headed ogre
Aim: a two-headed ogre, wielding a +0 giant club and a +0 giant spiked club (chance to affect: 44%)
The +0 giant club dances into the air!
The two-headed ogre wields a +0 giant spiked club.
The two-headed ogre hits you with a +0 giant spiked club!!
Ouch! That really hurt!
* * * LOW HITPOINT WARNING * * *
The two-headed ogre hits you with a +0 giant spiked club!
You die...

...........
#.......... .
..####..........
.###
..............[..
....## .#
#...........
.....##.#
###........#
........#
##........#
........#
#..O.......
........#
#..@.......
.....#.#
#..(.......
.....>.#
#........).
.......##
#..........
........#
#.........#
.......##
##.#......##
#.....##
#..########
#.##..# #.## #.
#.<# #.#


You could see a two-headed ogre (ally target) and a friendly +0 giant club.

Vanquished Creatures
  A komodo dragon (D:8)
  A water moccasin (D:7)
  An orc warrior (D:5)
  A sky beast (D:7)
  A black bear (D:6)
  An ogre (D:5)
  A kobold brigand (D:7)
  A necrophage (D:6)
  A howler monkey (D:7)
  3 hounds (D:6)
  A jelly (D:6)
  2 orc priests
  3 gnoll boudas
  4 iguanas
  2 orc wizards (D:8)
  6 gnolls
  5 adders
  A white imp (D:6)
  2 worms
  4 dart slugs
  6 orcs
  10 ball pythons
  7 bats
  8 endoplasms
  2 giant cockroaches
  9 goblins
  2 hobgoblins (D:1)
  7 jackals
  15 kobolds
  3 quokkas
  2 frilled lizards (D:1)
  4 rats
117 creatures vanquished.

Vanquished Creatures (others)
  A dancing weapon (D:6)
  3 plants (D:3)
4 creatures vanquished.

Grand Total: 121 creatures vanquished

Notes
Turn   | Place    | Note
-------+----------+-------------------------------------------
     0 | D:1      | nkekgw the Spriggan Enchanter began the quest for the Orb.
     0 | D:1      | Reached XP level 1. HP: 9/9 MP: 5/5
    95 | D:1      | Reached XP level 2. HP: 8/13 MP: 7/7
    98 | D:1      | Learned a level 2 spell: Ensorcelled Hibernation
  1234 | D:1      | Identified a scroll of acquirement
  1234 | D:1      | Acquired 1248 gold pieces
  1674 | D:1      | Reached XP level 3. HP: 16/16 MP: 9/9
  1678 | D:1      | Learned a level 3 spell: Tukima's Dance
  1682 | D:1      | Learned a level 3 spell: Confusing Touch
  2017 | D:2      | Identified the +5 spear of Eternal War {vorpal, rElec rPois
                  | Str-2 Int+9}
  2188 | D:2      | Gained mutation: Your body sometimes deteriorates upon
                  | taking damage. [potion of mutation]
  2188 | D:2      | Gained mutation: You have sharp toenails. [potion of
                  | mutation]
  2541 | D:3      | Found an ornate altar of the Wu Jian Council.
  2922 | D:3      | Reached skill level 1 in Short Blades
  2922 | D:3      | Reached XP level 4. HP: 21/21 MP: 11/11
  3128 | D:3      | Got the Textbook on the Lungs and Conjury
  3604 | D:4      | Reached XP level 5. HP: 24/24 MP: 12/12
  4257 | D:5      | Entered Level 5 of the Dungeon
  4257 | D:5      | Noticed an ogre
  4260 | D:5      | Killed an ogre
  4357 | D:5      | Found Poisovorr's Book Shoppe.
  4373 | D:5      | Reached skill level 5 in Short Blades
  4373 | D:5      | Reached XP level 6. HP: 25/28 MP: 13/13
  4704 | D:5      | Found a sparkling altar of Nemelex Xobeh.
  5169 | D:6      | Acquired a +4 quick blade
  5313 | D:6      | Noticed an orc warrior
  5363 | D:6      | Learned a level 3 spell: Dazzling Flash
  5402 | D:6      | Reached skill level 5 in Hexes
  5521 | D:6      | Reached skill level 5 in Stealth
  5521 | D:6      | Reached XP level 7. HP: 32/32 MP: 11/15
  5521 | D:6      | Acquired the amulet of Existentialism {RegenMP rC+ Will+
                  | Str-2 Slay+5}
  5621 | D:6      | Reached skill level 5 in Spellcasting
  5764 | D:6      | Reached skill level 6 in Stealth
  5890 | D:6      | Acquired the +4 hat "Dofretas" {Stlth+}
  5897 | D:6      | Acquired the +0 cloak of Pessimism {rElec rCorr}
  5905 | D:6      | Acquired 679 gold pieces
  5907 | D:6      | Acquired 1381 gold pieces
  6024 | D:6      | Found a staircase to the Ecumenical Temple.
  6042 | Temple   | Entered the Ecumenical Temple
  6235 | Temple   | Became a worshipper of Dithmenos the Shadowed
  6832 | D:7      | Found a sacrificial altar of Ru.
  6965 | D:7      | Reached skill level 7 in Stealth
  7009 | D:7      | Reached XP level 8. HP: 28/36 MP: 18/18
  7179 | D:7      | Found Rurrass's Antique Armour Emporium.
  7519 | D:8      | Noticed a komodo dragon
  7542 | D:8      | Killed a komodo dragon
  7543 | D:8      | Reached skill level 8 in Stealth
  7634 | D:8      | Noticed a two-headed ogre
  7645 | D:8      | Slain by a two-headed ogre

Illustrated notes

Levels and vault maps discovered:
D:1:      nzn_arrival_depleted_hourglass, layout_loops_ring
D:2:      layout_loops_cross
D:3:      layout_rooms, mainiacjoe_overflow_brackets, serial_forest,
          infiniplex_forest_end_3, infiniplex_forest_straight_1,
          infiniplex_forest_zigzag_2, infiniplex_forest_clump_long,
          infiniplex_forest_lined_3, infiniplex_forest_straight_1,
          infiniplex_forest_lined_room_2, infiniplex_forest_clump_double,
          kennysheep_generic_room_15
D:4:      layout_loops_ring, minmay_manual_mail
D:5:      layout_basic, nemelex_spade_bored_becter, serial_shops, shop
D:6:      layout_gridville, temple_pool_b, kennysheep_generic_room_11
D:7:      layout_loops_corners, nicolae_ru_the_path_less_chosen, serial_shops,
          nicolae_shop_stone, minivault_1, uniq_joseph
D:8:      layout_rooms, gammafunk_ghost_grave
Temple:   nicolae_temple_bog_church

Skill      XL: |  1  2  3  4  5  6  7  8 |
---------------+-------------------------+-----
Spellcasting   | 3 4 6 7 |  7.1
Hexes          | 4 5 6 7 |  7.6
Short Blades   | 1 3 5 |  5.5
Stealth        | 5 7 8 |  8.8
Dodging        | |  2.6
Unarmed Combat | |  0.7

Action                   |  1- 3 |  4- 6 |  7- 9 || total
-------------------------+-------+-------+-------++-------
Melee: Dagger            |   119 |    85 |       ||   204
       Punch             |     1 |     1 |     1 ||     3
       Kick              |     4 |    33 |    30 ||    67
       Quick blade       |       |    17 |   106 ||   123
 Cast: Ensorcelled Hiber |     2 |    16 |    13 ||    31
       Tukima's Dance    |       |     1 |    10 ||    11
       Confusing Touch   |       |     1 |     2 ||     3
  Use: Scroll            |     2 |     1 |     5 ||     8
       Potion            |     6 |     3 |       ||     9
 Stab: Sleeping          |    15 |    15 |     6 ||    36
       Distracted        |     1 |     1 |       ||     2
       Confused          |       |     1 |     1 ||     2
Armor: Robe              |     6 |    19 |    10 ||    35
Dodge: Dodged            |    69 |    68 |    41 ||   178

Table legend: (Time is in decaauts)
 A = Elapsed time spent in this place.
 B = Non-inter-level travel time spent in this place.
 C = Inter-level travel time spent in this place.
 D = Time resting spent in this place.
 E = Time spent auto-exploring this place.
 F = Levels seen in this place.
 G = Mean time per level.
                   A        B        C        D        E       F      G
               +--------+--------+--------+--------+--------+-----+--------+
         Total |   5720 |   5536 |    184 |    510 |   4185 |   9 |  635.6 |
       Dungeon |   5586 |   5429 |    157 |    510 |   4087 |   8 |  698.2 |
        Temple |    134 |    108 |     26 |      0 |     98 |   1 |  134.0 |
               +--------+--------+--------+--------+--------+-----+--------+

Top non-repeatable levels by time:
     D:1: 1177 daAuts
     D:2: 907 daAuts
     D:5: 805 daAuts
     D:7: 770 daAuts
     D:3: 706 daAuts
     D:6: 615 daAuts
     D:4: 522 daAuts
  Temple: 134 daAuts
     D:8: 81 daAuts
